 Dungeon Crawl Stone Soup version 0.18-a0-1426-g3b9a63c (webtiles) character file.

3716 Tomstefer the Carver (level 9, -1/124 HPs)
             Began as a Minotaur Berserker on Feb 27, 2016.
             Was an Elder of Trog.
             Slain by a six-headed hydra (3 damage)
             ... on level 8 of the Dungeon.
             The game lasted 00:16:55 (6487 turns).

Tomstefer the Carver (Minotaur Berserker)           Turns: 6487, Time: 00:16:55

Health: -1/124     AC: 10    Str: 27    XL:     9   Next: 91%
Magic:  0/8        EV: 11    Int:  4    God:    Trog [****..]
Gold:   349        SH:  0    Dex: 16    Spells: 0 memorised, 8 levels left

rFire  . . .     SeeInvis .     v - +0 great sword
rCold  + . .     Gourm    .     M - +1 scale mail {rC+}
rNeg   . . .     Faith    .     (shield currently unavailable)
rPois  .         Spirit   +     (helmet restricted)
rElec  .         Dismiss  .     (no cloak)
rCorr  .         Reflect  .     E - +0 pair of gloves
SustAt .         Harm     .     (no boots)
MR     +++..                    e - amulet of guardian spirit
Stlth  ..........               m - ring of protection from magic
                                I - +3 ring of dexterity

@: berserking, regenerating, very quick, extremely resistant to hostile
enchantments, extremely unstealthy
A: retaliatory headbutt, horns 2
a: Berserk, Trog's Hand, Brothers in Arms, Burn Spellbooks, Renounce Religion


You were on level 8 of the Dungeon.
You worshipped Trog.
Trog was greatly pleased with you.
You were not hungry.

You visited 1 branch of the dungeon, and saw 8 of its levels.

You collected 349 gold pieces.

Inventory:

Hand Weapons
 v - a +0 great sword (weapon)
 A - a +0 blowgun
Missiles
 F - 5 curare-tipped needles
 N - 14 poisoned needles
 O - 6 needles of confusion
Armour
 k - a +0 ring mail
 E - a +0 pair of gloves (worn)
 L - a +0 scale mail
 M - a +1 scale mail of cold resistance (worn)
Jewellery
 e - an amulet of guardian spirit (around neck)
 g - an uncursed ring of flight
 m - a ring of protection from magic (right hand)
 t - an uncursed ring of protection from fire
 I - a +3 ring of dexterity (left hand)
Wands
 B - a wand of flame (18/48)
 J - a wand of random effects (19/48)
Scrolls
 a - 3 scrolls of remove curse
 l - 2 scrolls of fog
 n - 2 scrolls of amnesia
 p - 3 scrolls of teleportation
 u - a scroll of immolation {unknown}
 y - 3 scrolls of identify {unknown}
 z - a scroll of blinking {unknown}
 K - a scroll of recharging
 P - a scroll of enchant armour {unknown}
Potions
 b - a potion of beneficial mutation {unknown}
 d - a potion of brilliance {unknown}
 j - 3 potions of mutation {unknown}
 o - 5 potions of curing {unknown}
 q - a potion of heal wounds
 r - a potion of resistance
 w - a potion of cure mutation {unknown}
 x - 2 potions of haste {unknown}
 D - 2 potions of flight {unknown}
 G - a potion of invisibility {unknown}
 Q - 2 potions of ambrosia {unknown}
Books
 R - a book of Alchemy

   Spells                             Type                      Level
   a - Sublimation of Blood           Necromancy                   2
   b - Ignite Poison                  Fire/Transmutation/Poison    3
   c - Petrify                        Transmutation/Earth          4
   d - Alistair's Intoxication        Transmutation/Poison         5
   e - Irradiate                      Conjuration/Transmutation    5
   Trog disapproves of the use of such an item.
Comestibles
 c - 6 bread rations
 f - 3 meat rations
 h - a royal jelly
 i - 3 beef jerkies
 s - 8 slices of pizza
 C - 11 chunks of flesh
 H - 16 fruits


   Skills:
 + Level 9.3 Fighting
 * Level 12.3 Long Blades
 + Level 8.8 Armour
 - Level 2.1 Dodging


You had 8 spell levels left.
You didn't know any spells.

Dungeon Overview and Level Annotations

Branches:
Dungeon (8/15)             Temple (0/1) D:5
   Lair: D:8-11

Altars:
Dithmenos
Elyvilon
Kikubaaqudgha
Okawaru
Qazlal
Vehumet
Xom
Zin


Innate Abilities, Weirdness & Mutations

You reflexively headbutt those who attack you in melee.
You have a pair of horns on your head.


Message History

You feel less exhausted.
A red film seems to cover your vision as you go berserk!
You feel yourself moving faster!
You feel mighty!
You feel somewhat more hungry.
The five-headed hydra bites you but does no damage.
The five-headed hydra closely misses you.
The five-headed hydra bites you!
* * * LOW HITPOINT WARNING * * *
The five-headed hydra bites you but does no damage. x2
You lop one of the five-headed hydra's heads off!
The four-headed hydra grows two more!
You chop the six-headed hydra into pieces!!!
You headbutt the six-headed hydra!!
The six-headed hydra is almost dead.
The six-headed hydra bites you!
* * * LOW HITPOINT WARNING * * *
The six-headed hydra completely misses you.
The six-headed hydra closely misses you.
The six-headed hydra bites you.
You die...

########## #.%'(....# #########
#).#.....# #.......# #+###'''##
#.#####.##### #.≈P.....# #.#
#.....# #P≈≈..P..# #.# #.....#
#≈≈P.....######.# ##.##..#
#P≈......#......####...#..###
#PP≈.≈.≈.#....#D@...._......#
#####.####....K##..#...####.#
.)..)).......[.##..##.## #.#####
...............##.....# #......
................#.....# #####..
...............######[#####......
...............## #........###..)
#...............#######....##..))
##.....#......#..................


You could see a six-headed hydra and a big kobold.

Vanquished Creatures
  The ghost of Fabri the Thaumaturge, a novice NaWz (D:5)
  A troll (D:5)
  2 yaks (D:8)
  2 hippogriffs (D:7)
  A steam dragon (D:7)
  Menkaure (D:6)
  The ghost of Tux the Ruffian, an amateur VSTm (D:3)
  An ice beast (D:7)
  A black bear (D:7)
  A phantom (D:8)
  An ogre (D:7)
  3 centaurs
  3 big kobolds
  2 giant frogs (D:6)
  Blork the orc (D:4)
  A scorpion (D:4)
  5 wights (D:7)
  2 crimson imps
  A giant frog zombie (D:7)
  A hound (D:4)
  A quasit (D:7)
  2 giant frog skeletons
  4 orc priests
  A jelly (D:7)
  4 orc wizards
  Jessica (D:2)
  2 iguanas
  3 worker ants
  2 sheep (D:8)
  4 hound skeletons
  6 adders
  7 gnolls
  A river rat (D:3)
  2 shadow imps
  2 adder zombies (D:5)
  An adder skeleton (D:8)
  5 worms
  4 dart slugs
  9 giant geckos
  17 orcs
  7 bats
  7 giant cockroaches
  9 goblins
  6 hobgoblins
  7 jackals
  7 kobolds
  6 quokkas
  2 ball pythons
  A giant cockroach zombie (D:5)
  4 giant newts
  A quokka skeleton (D:8)
  11 rats
178 creatures vanquished.

Vanquished Creatures (others)
  A gnoll shaman (D:7)
  2 gnolls (D:7)
  2 giant geckos (D:7)
  A jackal (D:7)
6 creatures vanquished.

Grand Total: 184 creatures vanquished

Notes
Turn   | Place    | Note
--------------------------------------------------------------
     0 | D:1      | Tomstefer the Minotaur Berserker began the quest for the Orb.
     0 | D:1      | Reached XP level 1. HP: 19/19 MP: 0/0
   144 | D:1      | Reached skill level 4 in Long Blades
   144 | D:1      | Reached XP level 2. HP: 9/27 MP: 1/1
   527 | D:1      | Reached XP level 3. HP: 18/33 MP: 2/2
  1097 | D:2      | Reached ** piety under Trog
  1145 | D:2      | Noticed Jessica
  1150 | D:2      | Killed Jessica
  1150 | D:2      | Reached skill level 5 in Long Blades
  1150 | D:2      | Reached XP level 4. HP: 20/40 MP: 1/3
  2015 | D:3      | Reached XP level 5. HP: 44/47 MP: 4/4
  2280 | D:3      | Reached skill level 6 in Long Blades
  2325 | D:3      | Reached *** piety under Trog
  2338 | D:3      | Reached skill level 5 in Fighting
  2626 | D:3      | Reached XP level 6. HP: 56/56 MP: 5/5
  2709 | D:3      | Found an iron altar of Okawaru.
  2709 | D:3      | Found an ancient bone altar of Kikubaaqudgha.
  2917 | D:3      | Found a stormy altar of Qazlal.
  2977 | D:3      | Noticed Tux's ghost (amateur VSTm)
  2991 | D:3      | Killed Tux's ghost
  3400 | D:4      | Noticed Blork the orc
  3407 | D:4      | Killed Blork the orc
  3407 | D:4      | Reached skill level 7 in Long Blades
  3463 | D:4      | Reached skill level 5 in Armour
  3463 | D:4      | Reached XP level 7. HP: 50/62 MP: 4/6
  3732 | D:4      | Found a glowing silver altar of Zin.
  3987 | D:5      | Entered Level 5 of the Dungeon
  3989 | D:5      | Found a shadowy altar of Dithmenos.
  4066 | D:5      | Found a radiant altar of Vehumet.
  4086 | D:5      | Found a staircase to the Ecumenical Temple.
  4158 | D:5      | Noticed a troll
  4166 | D:5      | Killed a troll
  4166 | D:5      | Reached skill level 8 in Long Blades
  4339 | D:5      | Noticed Fabri's ghost (novice NaWz)
  4380 | D:5      | Killed Fabri's ghost
  4380 | D:5      | Reached skill level 9 in Long Blades
  4380 | D:5      | Reached XP level 8. HP: 73/73 MP: 7/7
  4868 | D:6      | Noticed Menkaure
  4879 | D:6      | Killed Menkaure
  4879 | D:6      | Reached skill level 10 in Long Blades
  4983 | D:6      | Reached **** piety under Trog
  5199 | D:7      | Reached XP level 9. HP: 81/81 MP: 5/8
  5568 | D:7      | Reached skill level 11 in Long Blades
  5603 | D:7      | Found a shimmering altar of Xom.
  6291 | D:8      | Found an iron altar of Okawaru.
  6332 | D:8      | Found a white marble altar of Elyvilon.
  6410 | D:8      | Reached skill level 12 in Long Blades
  6462 | D:8      | Noticed a three-headed hydra
  6478 | D:8      | HP: 4/83 [five-headed hydra (9)]
  6487 | D:8      | HP: 2/124 [six-headed hydra (13)]
  6487 | D:8      | Slain by a six-headed hydra

Vault maps used:
D:1:      dpeg_arrival_boxorama, st_stairs_1, kennysheep_pointless_box
D:2:      uniq_jessica
D:3:      old_standard_altar, gammafunk_temple_overflow_wave,
          portal_sewer_entry_b, first_bread, hangedman_decor_lopped
D:4:      nicolae_overflow_hidden_temple, uniq_blork_the_orc
D:5:      temple_green, basic_altar, corexii_corridor_pit,
          nicolae_dithmenos_shadow_blocks
D:6:      uniq_menkaure
D:7:      xom_confusion_cloud, kennysheep_generic_room_7
D:8:      nicolae_overflow_crystal_walls, gammafunk_pakellas_statue_experiment,
          basic_altar, hangedman_ranch, nicolae_for_you_no_charge

Skill      XL: |  1  2  3  4  5  6  7  8  9 |
---------------+----------------------------+-----
Long Blades    | 4 5 6 7 9 10 12 | 12.3
Armour         | 3 4 5 6 7 8 |  8.8
Fighting       | 4 5 7 9 |  9.3
Dodging        | |  2.1

Action                   |  1- 3 |  4- 6 |  7- 9 || total
-------------------------+-------+-------+-------++-------
Melee: Falchion          |    54 |   159 |     7 ||   220
       Great sword       |       |       |   189 ||   189
Invok: Berserk           |     1 |     2 |     7 ||    10
       Burn Spellbooks   |       |       |     1 ||     1
       Trog's Hand       |       |       |     1 ||     1
  Use: Scroll            |       |     5 |       ||     5
       Potion            |       |       |     2 ||     2
  Eat: Chunk             |     2 |     9 |    16 ||    27
